 Dungeon Crawl Stone Soup version 0.16-a0-1212-geefc3ab (webtiles) character file.

75 Argons the Bolt Thrower (level 4, -1/34 (36) HPs)
             Began as a Ghoul Arcane Marksman on Oct 12, 2014.
             Slain by a quokka (4 damage)
             ... on level 2 of the Dungeon.
             The game lasted 00:20:26 (2577 turns).

Argons the Bolt Thrower (Ghoul Arcane Marksman)     Turns: 2577, Time: 00:20:26

HP:   -1/34 (36)    AC:  3    Str: 15    XL:     4   Next: 31%
MP:   4/4           EV: 12    Int:  8    God:
Gold: 33            SH:  0    Dex:  8    Spells: 1 memorised, 4 levels left

rFire  . . .     SeeInvis .     b - +1 hand crossbow
rCold  + . .     Clarity  .     a - +0 robe
rNeg   + + +     SustAb   .     (no shield)
rPois  +         Saprov   + + + m - +0 helmet
rElec  .         Spirit   .     (no cloak)
rCorr  .         Warding  .     (no gloves)
rMut   .         Stasis   .     (no boots)
MR     .....                    (no amulet)
Stlth  +.........               (no ring)
                                (no ring)

@: rotting, not resistant to hostile enchantments, very unstealthy
A: rotting body, claws 1, carnivore 3, cold resistance 1, negative energy
resistance 3, poison resistance, saprovore 3, slow healing 1, torment
resistance, unbreathing
a: no special abilities


You were on level 2 of the Dungeon.
You were not hungry.

You visited 1 branch of the dungeon, and saw 2 of its levels.

You collected 33 gold pieces.

Inventory:

Hand weapons
 b - a +1 hand crossbow (weapon)
Missiles
 c - 13 bolts (quivered)
Armour
 a - a +0 robe (worn)
 m - a +0 helmet (worn)
Comestibles
 f - a chunk of adder flesh
 n - a beef jerky
Potions
 e - 2 potions of curing {unknown}
 h - a potion of lignification {unknown}
Books
 d - a book of Debilitation

   Spells                             Type                      Level
   *Corona                            Hexes                        1
   Slow                               Hexes                        2
   Inner Flame                        Hexes/Fire                   3
   Enslavement                        Hexes                        4
   Cause Fear                         Hexes                        4
   Leda's Liquefaction                Hexes/Earth                  4


   Skills:
 + Level 2.2 Fighting
 + Level 3.6 Crossbows
 - Level 1.7 Dodging
 - Level 1.0 Spellcasting
 - Level 2.4 Hexes


You had 4 spell levels left.
You knew the following spells:

 Your Spells              Type           Power        Failure   Level  Hunger
a - Corona                Hex            #......      17%         1    ##.....


Dungeon Overview and Level Annotations

Branches:
Dungeon (2/15)

Altars:

Annotations:
D:2 Terence


Innate Abilities, Weirdness & Mutations

Your body is rotting away.
You have sharp fingernails.
You are carnivorous and can eat meat at any time.
Your flesh is cold resistant.
You are immune to negative energy.
Your system is resistant to poisons.
You thrive on rotten meat.
You heal slowly when monsters are visible.
You are immune to unholy pain and torment.
You can survive without breathing.


Message History

The quokka closely misses you. The quokka barely misses you.
Firing (i - inventory):
c - 16 bolts (quivered)
Press: ? - help, Shift-Dir - straight line, f/p - quokka
Aim: a quokka (heavily wounded, bleeding)
You shoot a bolt. The bolt hits the quokka.
The quokka is almost dead.
The quokka is no longer bleeding.
The quokka barely misses you. The quokka bites you.
* * * LOW HITPOINT WARNING * * *
Firing (i - inventory):
c - 15 bolts (quivered)
Press: ? - help, Shift-Dir - straight line, f/p - quokka
Aim: a quokka (almost dead)
You shoot a bolt. The bolt misses the quokka.
The quokka bites you but does no damage.
Firing (i - inventory):
c - 14 bolts (quivered)
Press: ? - help, Shift-Dir - straight line, f/p - quokka
Aim: a quokka (almost dead)
You shoot a bolt. The bolt completely misses the quokka.
The quokka barely misses you. The quokka bites you.
You die...

#.............######...###..<.
####.####.........##....(......
#.# #...(.##....<..###... #.#
#.....(.......#..# # #.#
######.#.)...###.# ###.###
#.#......#..# #.....#
###>#....(..#.#
####.....#####...........#.#
#.....⌠..##.....@r##...###.##
#.#.......#.##.#.............
#.##......#.##.##.....#####..
#.##........##.#####.## ..
#.#####.######.#####.# ..
#.#####.# #.......# #.%.....#
######### #########


You could see a quokka.

Vanquished Creatures
  An adder (D:2)
  2 worms
  3 oozes
  6 bats
  4 giant cockroaches (D:1)
  3 goblins (D:1)
  6 hobgoblins (D:1)
  11 jackals (D:1)
  2 ball pythons
  A giant newt (D:1)
  4 kobolds
  8 rats
51 creatures vanquished.

Notes
Turn   | Place    | Note
--------------------------------------------------------------
     0 | D:1      | Argons, the Ghoul Arcane Marksman, began the quest for the Orb.
     0 | D:1      | Reached XP level 1. HP: 16/16 MP: 2/2
   211 | D:1      | Reached XP level 2. HP: 15/23 MP: 3/3
   796 | D:1      | Reached skill level 3 in Crossbows
   830 | D:1      | Reached XP level 3. HP: 15/28 MP: 4/4
  1504 | D:2      | Noticed Terence
  1781 | D:2      | HP: 1/28 [worm (9)]
  2026 | D:2      | Reached XP level 4. HP: 19/36 MP: 4/4
  2577 | D:2      | Slain by a quokka

Action                   |  1- 3 |  4- 6 || total
-------------------------+-------+-------++-------
Melee: Unarmed           |   302 |    50 ||   352
 Fire: Hand crossbow     |     8 |     6 ||    14
  Use: Scroll            |     5 |       ||     5
  Eat: Chunk             |    20 |     1 ||    21
